 Dungeon Crawl Stone Soup version 0.31-a0-1057-g70f3316b05 (webtiles) character file.

Game seed: 4703923661380055977

3074 Avanven the Grappler (level 9, -1/118 HPs)
             Began as a Troll Shapeshifter on Nov 20, 2023.
             Was a Priest of Okawaru.
             Slain by a gnoll
             ... wielding a +0 halberd
              (9 damage)
             ... on level 8 of the Dungeon.
             The game lasted 00:11:29 (5942 turns).

Avanven the Grappler (Troll Shapeshifter)           Turns: 5942, Time: 00:11:30

Health: -1/118     AC: 24    Str: 28    XL:     9   Next: 58%
Magic:  8/8        EV:  1    Int:  6    God:    Okawaru [***...]
Gold:   261        SH:  0    Dex:  9    Spells: 8/8 levels left

rFire   . .          .
                       - Unarmed
rCold   + . .        (no shield)
rNeg    . . .        a - melded +0 animal skin
rPois   +            (helmet currently unavailable)
rElec   .            k - melded +0 cloak {Will+}
rCorr   .            (gloves unavailable)
SInv    .            (boots unavailable)
Will    .....        (no amulet)
Stlth   +            i - +5 ring of evasion
HPRegen 1.19/turn    m - ring of protection from cold
MPRegen 0.11/turn

%: no passive effects
@: tree-form
A: stationary, stasis, torment immunity, boosted hp, large, unfitting armour,
(claws 3), regeneration 1, (shaggy fur 1), (tough skin 1)
a: Renounce Religion, Heroism


You were on level 8 of the Dungeon.
You worshipped Okawaru.
Okawaru was most pleased with you.
You were a tree.
You visited 2 branches of the dungeon, and saw 9 of its levels.

You collected 366 gold pieces.
You spent 105 gold pieces at shops.

Inventory:

Armour
 a - a +0 animal skin (melded)
 k - a +0 cloak of willpower (melded)
Jewellery
 i - a +5 ring of evasion (left branch)
 m - a ring of protection from cold (right branch)
 s - a ring of willpower
 w - a ring of ice
 z - a +6 ring of dexterity
Talismans
 c - a beast talisman
 d - a flux talisman
 j - a maw talisman
Wands
 p - a wand of paralysis (10)
 t - a wand of acid (7)
 y - a wand of flame (27)
Scrolls
 f - 3 scrolls of revelation
 g - 5 scrolls of teleportation
 n - a scroll of fog
 r - 3 scrolls of enchant armour
 v - a scroll of identify
 B - a scroll of vulnerability
Potions
 e - 3 potions of degeneration
 h - 4 potions of curing
 l - a potion of ambrosia {unknown}
 o - a potion of might
 q - a potion of enlightenment
 u - a potion of haste {unknown}
 x - a potion of cancellation {unknown}
 A - 2 potions of resistance {unknown}


   Skills:
 - Level 1.8 Fighting
 - Level 1.5 Dodging
 * Level 11.2 Unarmed Combat
 + Level 7.7 Shapeshifting


You had 8 spell levels left.
You didn't know any spells.
Your spell library contained the following spells:

 Spells                   Type           Power      Damage    Failure   Level
 Cigotuvi's Dreadful Rot  Necr/Pois/Air  0%         N/A       58%         2
 Gell's Gravitas          Tloc           0%         N/A       83%         3
 Ignite Poison            Fire/Tmut/Pois 0%         N/A       83%         3
 Teleport Other           Tloc           0%         N/A       83%         3
 Freezing Cloud           Conj/Ice/Air   0%         6-21      100%        5
 Dispersal                Tloc           0%         N/A       100%        6


Dungeon Overview and Level Annotations

Branches:
Dungeon (8/15)             Temple (1/1) D:5
   Lair: D:8-11

Altars:
Ashenzari
Cheibriados
Dithmenos
Elyvilon
Fedhas
Gozag
Hepliaklqana
Kikubaaqudgha
Makhleb
Okawaru
Qazlal
Ru
Sif Muna
Vehumet
Wu Jian
Xom
Yredelemnul
Zin
The Shining One

Shops:
D:4 ?


Innate Abilities, Weirdness & Mutations

You are a tree.
Your roots penetrate the ground, keeping you stationary.
You cannot be teleported.
You are immune to unholy pain and torment.
Your maximum health is greatly increased.
Your equipment is partially melded.
You are too large for most types of armour.
((You have claws for hands.))
Your natural rate of healing is unusually fast.
((You are covered in fur. (AC +1)))
((You have tough skin. (AC +1)))


Message History

* * * LOW HITPOINT WARNING * * *
The merfolk hits you but does no damage.
The gnoll hits you but does no damage.
You pummel the merfolk!!
The merfolk is almost dead.
The centaur hits you.
* * * LOW HITPOINT WARNING * * *
The centaur kicks you.
* * * LOW HITPOINT WARNING * * *
The merfolk hits you with a +0 trident!
* * * LOW HITPOINT WARNING * * *
The gnoll hits you but does no damage.
The centaur hits you but does no damage.
The centaur kicks you but does no damage.
Unknown command.
You closely miss the merfolk.
The merfolk is almost dead.
The centaur hits you but does no damage.
The centaur kicks you but does no damage.
The merfolk hits you with a +0 trident!
* * * LOW HITPOINT WARNING * * *
The gnoll hits you but does no damage.
You barely miss the merfolk.
The merfolk is almost dead.
The centaur hits you but does no damage.
The centaur kicks you but does no damage.
You pummel the merfolk!!
You kill the merfolk!
Okawaru accepts your kill. The gnoll hits you but does no damage.
The centaur hits you but does no damage.
The centaur kicks you but does no damage.
Unknown command.
You pummel the gnoll!!
You kill the gnoll!
Okawaru accepts your kill.
The centaur hits you but does no damage.
The centaur kicks you but does no damage.
The gnoll hits you from afar with a +0 halberd!
You die...

###### #######
#####≈≈≈≈≈≈ #.....#
#...≈≈≈≈≈≈≈
#.....#####.~~#######
##...##.....~#####
#..........)##.#.# #
##...##.....##.#.#.#.#.
#....##.....#).).......
#....#####..♣))).......
##...##....)#cg........
#....#......##.#.#.#g#.
#....#......##.#.#.# #
##...#......~##### #
#####......~~#####
#####+...~~≈≈≈
#........~~~~~
#.............


You could see a centaur and a gnoll.

Vanquished Creatures
  A merfolk (D:8)
  A wyvern (D:7)
  Duvessa (D:7)
  An orc warrior (D:3)
  2 ice beasts
  5 centaurs
  An ogre (D:6)
  A phantom (D:5)
  A kobold brigand (D:7)
  2 gnoll sergeants
  A bullfrog (D:5)
  Blork the orc (D:4)
  2 scorpions
  7 wights
  Dowan (D:7)
  4 howler monkeys
  A hound (D:5)
  4 jellies
  2 orc priests
  Crazy Yiuf (D:2)
  3 iguanas
  A sleepcap (D:4)
  2 orc wizards (D:5)
  Robin (D:4)
  6 adders
  24 gnolls
  A worm (D:4)
  2 dart slugs
  15 orcs
  5 bats
  3 endoplasms (D:1)
  A giant cockroach (D:4)
  14 goblins
  9 hobgoblins
  7 jackals
  14 kobolds
  6 ball pythons
  2 frilled lizards
  4 rats
160 creatures vanquished.

Vanquished Creatures (others)
  An orc wizard (D:5)
1 creature vanquished.

Grand Total: 161 creatures vanquished

Notes
Turn   | Place    | Note
-------+----------+-------------------------------------------
     0 | D:1      | Avanven the Troll Shapeshifter began the quest for the Orb.
     0 | D:1      | Reached XP level 1. HP: 18/18 MP: 0/0
    85 | D:1      | Reached skill level 1 in Fighting
   105 | D:1      | Reached XP level 2. HP: 22/27 MP: 1/1
   337 | D:1      | Reached XP level 3. HP: 33/33 MP: 2/2
   403 | D:1      | Found a faded altar of an unknown god.
   890 | D:2      | Found a runed translucent door.
   891 | D:2      | Noticed Crazy Yiuf
  1446 | D:2      | Reached skill level 4 in Unarmed Combat
  1497 | D:2      | Killed Crazy Yiuf
  1498 | D:2      | Reached XP level 4. HP: 37/42 MP: 3/3
  1599 | D:3      | Found a hazy altar of Hepliaklqana.
  1599 | D:3      | Found an iron altar of Okawaru.
  1600 | D:3      | Found a glowing silver altar of Zin.
  1637 | D:3      | Reached XP level 5. HP: 44/49 MP: 4/4
  1662 | D:3      | Found a shadowy altar of Dithmenos.
  1665 | D:3      | Became a worshipper of Warmaster Okawaru
  2022 | D:3      | Noticed an orc warrior
  2044 | D:3      | Killed an orc warrior
  2045 | D:3      | Reached skill level 5 in Unarmed Combat
  2157 | D:3      | Reached XP level 6. HP: 42/57 MP: 5/5
  2339 | D:4      | Noticed Robin
  2381 | D:4      | Killed Robin
  2407 | D:4      | Noticed Blork the orc
  2416 | D:4      | Killed Blork the orc
  2559 | D:4      | Found Joatwuth's Magic Scroll Emporium.
  2567 | D:4      | Bought a scroll of enchant armour for 105 gold pieces
  2589 | D:4      | Reached skill level 6 in Unarmed Combat
  2713 | D:4      | Found a white marble altar of Elyvilon.
  3089 | D:5      | Entered Level 5 of the Dungeon
  3147 | D:5      | Reached XP level 7. HP: 63/63 MP: 6/6
  3164 | D:5      | Reached * piety under Okawaru
  3192 | D:5      | Reached skill level 7 in Unarmed Combat
  3192 | D:5      | Reached skill level 5 in Shapeshifting
  3306 | D:5      | Reached ** piety under Okawaru
  3312 | D:5      | Found a staircase to the Ecumenical Temple.
  3347 | Temple   | Entered the Ecumenical Temple
  3399 | D:5      | Reached skill level 8 in Unarmed Combat
  3399 | D:5      | Reached XP level 8. HP: 66/72 MP: 7/7
  4150 | D:6      | Reached skill level 9 in Unarmed Combat
  4828 | D:7      | Noticed Duvessa
  4828 | D:7      | Noticed Dowan
  4837 | D:7      | Killed Duvessa
  4850 | D:7      | Killed Dowan
  5276 | D:7      | You fall into a shaft and drop 1 floor!
  5377 | D:7      | Reached *** piety under Okawaru
  5378 | D:7      | Reached skill level 10 in Unarmed Combat
  5378 | D:7      | Reached XP level 9. HP: 79/79 MP: 8/8
  5925 | D:8      | Noticed a merfolk
  5929 | D:8      | Reached skill level 11 in Unarmed Combat
  5939 | D:8      | HP: 5/118 [merfolk/+0 trident (14)]
  5941 | D:8      | Killed a merfolk
  5942 | D:8      | Slain by a gnoll

Illustrated notes

Levels and vault maps discovered:
D:1:      dpeg_arrival_windows_large_door, layout_loops_ring,
          shapermc_ecumenical_altar_notcrosses
D:2:      layout_basic, uniq_crazy_yiuf_cottage
D:3:      layout_basic, nicolae_overflow_quartered_altars, nrook_campfire
D:4:      layout_gridville, lemuel_doored_altar, serial_shops, shop,
          fountainhead, uniq_robin, uniq_blork_the_orc
D:5:      layout_basic, minmay_temple_entry_grid, grunt_ministairs_15
D:6:      layout_basic, nrook_mini_backslash
D:7:      layout_basic, uniq_duvessa
D:8:      layout_gridville, david_lair_shrubbed, roadster_trireme
Temple:   dpeg_chambers_temple

Skill      XL: |  1  2  3  4  5  6  7  8  9 |
---------------+----------------------------+-----
Fighting       | 1 |  1.8
Unarmed Combat | 4 5 6 8 10 11 | 11.2
Shapeshifting  | 4 5 6 7 |  7.7
Dodging        | |  1.5

Action                     |  1- 3 |  4- 6 |  7- 9 || total
---------------------------+-------+-------+-------++-------
  Melee: Unarmed           |    83 |   105 |   231 ||   419
         Punch             |       |     4 |     8 ||    12
Ability: Begin Untransform |       |     1 |       ||     1
    Use: Scroll            |       |     2 |    10 ||    12
         Potion            |       |       |     1 ||     1
   Stab: Sleeping          |     1 |       |       ||     1
 Armour: Animal skin       |    46 |    63 |   146 ||   255
         Skin              |       |       |    37 ||    37
  Dodge: Dodged            |    39 |    75 |   143 ||   257

Table legend: (Time is in decaauts)
 A = Elapsed time spent in this place.
 B = Non-inter-level travel time spent in this place.
 C = Inter-level travel time spent in this place.
 D = Time resting spent in this place.
 E = Time spent auto-exploring this place.
 F = Levels seen in this place.
 G = Mean time per level.
                   A        B        C        D        E       F      G
               +--------+--------+--------+--------+--------+-----+--------+
         Total |   5891 |   5729 |    162 |    192 |   4411 |   9 |  654.6 |
       Dungeon |   5860 |   5717 |    143 |    192 |   4411 |   8 |  732.5 |
        Temple |     30 |     11 |     19 |      0 |      0 |   1 |   30.0 |
               +--------+--------+--------+--------+--------+-----+--------+

Top non-repeatable levels by time:
     D:5: 1003 daAuts
     D:2: 903 daAuts
     D:7: 792 daAuts
     D:4: 763 daAuts
     D:3: 752 daAuts
     D:6: 680 daAuts
     D:1: 652 daAuts
     D:8: 312 daAuts
  Temple: 30 daAuts
